 Dungeon Crawl Stone Soup version 0.29.1-1-gd02db6906a (webtiles) character file.

Game seed: 18251254768637384719

2370 porpoise the Spear-Bearer (level 9, -5/72 HPs)
             Began as a Formicid Abyssal Knight on Oct 3, 2022.
             Was a High Priest of Lugonu.
             Slain by an orc warrior
             ... wielding a +0 war axe
              (11 damage)
             ... in a bailey.
             The game lasted 00:26:21 (6717 turns).

porpoise the Spear-Bearer (Formicid Abyssal Knight) Turns: 6717, Time: 00:26:22

Health: -5/72      AC: 16    Str: 20    XL:     9   Next: 72%
Magic:  12/12      EV: 10    Int: 10    God:    Lugonu [*****.]
Gold:   278        SH:  0    Dex: 16    Spells: 8/8 levels left

rFire   . . .      SeeInvis +   a - +0 halberd (venom)
rCold   . . .      Faith    .   (no shield)
rNeg    . . .      Spirit   .   i - +1 plate armour
rPois   +          Reflect  .   (helmet unavailable)
rElec   .          Harm     .   (no cloak)
rCorr   .          Rampage  .   B - +2 pair of gloves
Will    .....                   (no boots)
Stlth   ..........              p - amulet of the acrobat
HPRegen 0.22/turn               g - +4 ring of evasion
MPRegen 0.13/turn               u - ring of poison resistance

@: no status effects
A: permanent stasis, dig shafts and tunnels, antennae 3, four strong arms
a: Dig, Renounce Religion, Depart the Abyss, Bend Space, Banish, Corrupt, Enter
the Abyss


You were in a bailey.
You worshipped Lugonu.
Lugonu was extremely pleased with you.
You visited 1 branch of the dungeon, and saw 7 of its levels.
You visited the Abyss 1 time.
You also visited: Bailey.

You collected 278 gold pieces.

Inventory:

Hand Weapons
 a - a +0 halberd of venom (weapon)
 b - a +2 spear of freezing
 y - a +2 scimitar of flaming
Missiles
 k - 21 poisoned darts
 l - a throwing net
 D - 5 atropa-tipped darts (quivered)
Armour
 i - a +1 plate armour (worn)
 A - +0 acid dragon scales
 B - a +2 pair of gloves (worn)
Magical Staves
 e - a staff of air
Jewellery
 g - a +4 ring of evasion (left hand)
 p - an amulet of the acrobat (around neck)
 s - a ring of ice
 u - a ring of poison resistance (right hand)
Wands
 x - a wand of paralysis (12)
 C - a wand of polymorph (11)
Scrolls
 c - a scroll of summoning {unknown}
 d - a scroll of vulnerability
 h - a scroll of blinking {unknown}
 n - a scroll of enchant armour
 o - a scroll of magic mapping
 q - 4 scrolls of acquirement
Potions
 f - 2 potions of brilliance
 j - a potion of lignification
 m - a potion of resistance
 r - 2 potions of flight
 t - a potion of haste
 v - 3 potions of attraction
 w - a potion of magic
 z - a potion of degeneration {unknown}


   Skills:
 - Level 7.0 Fighting
 - Level 9.6 Polearms
 + Level 4.8 Armour
 - Level 1.5 Dodging
 + Level 5.1 Invocations


You had 8 spell levels left.
You didn't know any spells.
Your spell library contained the following spells:

 Spells                   Type           Power      Damage    Failure   Level
 Slow                     Hex            0%         N/A       100%        1
 Ensorcelled Hibernation  Hex/Ice        0%         N/A       100%        2
 Passwall                 Tmut/Erth      0%         N/A       100%        2
 Poisonous Vapours        Pois/Air       0%         N/A       100%        2
 Static Discharge         Conj/Air       0%         3-3/arc   100%        2
 Confusing Touch          Hex            0%         N/A       100%        3
 Stone Arrow              Conj/Erth      0%         3d7       100%        3
 Vampiric Draining        Necr           0%         2d6       100%        3
 Animate Armour           Summ/Erth      0%         N/A       100%        4
 Corpse Rot               Necr/Pois/Air  0%         N/A       100%        4
 Hailstorm                Conj/Ice       0%         3d3       100%        4
 Ice Form                 Ice/Tmut       0%         N/A       100%        4
 Silence                  Hex/Air        0%         N/A       100%        5
 Conjure Ball Lightning   Conj/Air       0%         3x3d6     100%        6
 Simulacrum               Ice/Necr       0%         N/A       100%        6
 Storm Form               Tmut/Air       0%         N/A       100%        7
 Lehudib's Crystal Spear  Conj/Erth      0%         10d2      100%        8
 Swiftness                Air            Unusable   N/A       N/A         3

Dungeon Overview and Level Annotations

Branches:
Dungeon (7/15)             Temple (0/1) D:7          Bailey (1/1)

Altars:
Elyvilon
Qazlal
Vehumet
Wu Jian
The Shining One


Innate Abilities, Weirdness & Mutations

You cannot be hasted, slowed, berserked, paralysed or teleported.
You can dig through walls and to a lower floor.
You have a pair of large antennae on your head. (SInv)
Your four strong arms can wield two-handed weapons with a shield.


Message History

The orc warrior hits you but does no damage.
You puncture the orc warrior!
The orc warrior looks as sick as possible!
The orc warrior is almost dead.
You kill the orc warrior!
Lugonu accepts your kill.
You can now gate yourself to the Abyss.
The orc warrior hits you with a +0 war axe.
Your Invocations skill increases to level 5!
You barely miss the orc warrior.
The orc warrior is heavily wounded.
You barely miss the orc warrior.
The orc warrior is heavily wounded.
The orc warrior hits you with a +0 war axe.
* * * LOW HITPOINT WARNING * * *
The orc closely misses you.
You closely miss the orc warrior.
The orc warrior is heavily wounded.
The orc warrior hits you but does no damage.
The orc hits you but does no damage.
You closely miss the orc warrior.
The orc warrior is heavily wounded.
The orc warrior misses you. The orc closely misses you.
You closely miss the orc warrior.
The orc warrior is heavily wounded.
The orc warrior hits you with a +0 war axe.
* * * LOW HITPOINT WARNING * * *
The orc hits you but does no damage.
You hit the orc warrior.
The orc warrior looks as sick as possible!
The orc warrior is almost dead.
The orc warrior hits you but does no damage.
The orc closely misses you.
You hit the orc warrior but do no damage.
The orc warrior looks as sick as possible!
The orc warrior is almost dead.
The orc warrior hits you with a +0 war axe!
* * * LOW HITPOINT WARNING * * *
The orc hits you but does no damage. x2
The orc warrior hits you with a +0 war axe!
You die...

# ### #.# ###.###
....## ###.....###
......###.........##
......{#@..........#
......goo..........#
.⌠.....#.....⌠.....#
.......#...........#
.......#...........#
......###.......))###
....##
###.....#'#.### #.##
{ {###.###.....### ##
###.........#


You could see an orc warrior (extremely poisoned), an orc and a goblin.

Vanquished Creatures
  Maggie (D:6)
  A water moccasin (D:5)
  3 orc warriors (Bailey)
  A sky beast (D:5)
  2 black bears
  2 ogres (D:5)
  A necrophage (D:6)
  A kobold brigand (D:6)
  2 scorpions (D:6)
  4 wights (D:6)
  4 orc priests
  A gnoll bouda (D:4)
  4 hounds
  3 jellies (D:4)
  2 iguanas
  2 orc wizards (D:5)
  7 gnolls
  5 adders
  9 river rats (D:5)
  2 shadow imps
  2 white imps
  4 worms
  3 dart slugs (D:1)
  20 orcs
  7 ball pythons
  5 endoplasms
  3 giant cockroaches
  10 goblins
  7 hobgoblins
  6 jackals (D:4)
  7 kobolds
  13 quokkas
  2 bats
  3 frilled lizards
  20 rats
169 creatures vanquished.

Vanquished Creatures (others)
  12 plants (D:4)
12 creatures vanquished.

Grand Total: 181 creatures vanquished

Notes
Turn   | Place    | Note
-------+----------+-------------------------------------------
     0 | Abyss:1  | porpoise the Formicid Abyssal Knight began the quest for
                  | the Orb.
     0 | Abyss:1  | Reached XP level 1. HP: 18/18 MP: 2/2
     1 | D:1      | Escaped the Abyss
    55 | D:1      | Reached skill level 1 in Dodging
   117 | D:1      | Reached XP level 2. HP: 24/24 MP: 3/3
   119 | D:1      | Found a faded altar of an unknown god.
   415 | D:1      | Reached XP level 3. HP: 23/29 MP: 4/4
   647 | D:1      | Got the Compendium of a Thousand Prophets
  1180 | D:2      | Reached XP level 4. HP: 29/37 MP: 6/6
  1566 | D:3      | You fall into a shaft and drop 1 floor!
  1600 | D:3      | Reached skill level 3 in Polearms
  1613 | D:3      | Reached *** piety under Lugonu
  1614 | D:3      | Reached XP level 5. HP: 31/42 MP: 7/7
  2388 | D:3      | Found a radiant altar of Vehumet.
  2637 | D:4      | Reached skill level 4 in Polearms
  2637 | D:4      | Reached XP level 6. HP: 47/49 MP: 8/8
  2693 | D:4      | Identified the +4 ring mail of Life {Int+5}
  3354 | D:4      | Found a glowing golden altar of the Shining One.
  3357 | D:4      | Found a stormy altar of Qazlal.
  3435 | D:4      | Reached skill level 5 in Polearms
  3447 | D:4      | Identified a scroll of acquirement
  3455 | D:4      | Reached skill level 5 in Fighting
  3470 | D:4      | Reached XP level 7. HP: 27/56 MP: 9/9
  3873 | D:4      | Found an ornate altar of the Wu Jian Council.
  3981 | D:5      | Entered Level 5 of the Dungeon
  4024 | D:5      | Noticed a water moccasin
  4045 | D:5      | HP: 2/56 [poisoned by a water moccasin]
  4046 | D:5      | Killed a water moccasin
  4047 | D:5      | Reached skill level 6 in Polearms
  4590 | D:5      | Reached XP level 8. HP: 64/64 MP: 10/10
  4686 | D:5      | Reached skill level 7 in Polearms
  4803 | D:5      | Reached **** piety under Lugonu
  5420 | D:6      | Reached skill level 8 in Polearms
  5723 | D:6      | Noticed Maggie
  5731 | D:6      | Killed Maggie
  5732 | D:6      | Reached skill level 9 in Polearms
  5732 | D:6      | Reached XP level 9. HP: 64/72 MP: 11/11
  5942 | D:6      | Found a white marble altar of Elyvilon.
  6521 | D:7      | Found a flagged portal.
  6530 | Bailey   | Entered a bailey
  6710 | Bailey   | Reached ***** piety under Lugonu
  6711 | Bailey   | Reached skill level 5 in Invocations
  6717 | Bailey   | Slain by an orc warrior

Illustrated notes

Levels and vault maps discovered:
D:1:      amcnicky_arrival_feature_with_door, layout_loops_ring,
          ebering_ecumenical_altar_mist
D:2:      layout_loops_cross
D:3:      layout_basic, mainiacjoe_overflow_alcove_4
D:4:      layout_rooms, kennysheep_little_box, nicolae_overflow_squiral,
          serial_bayou_lagoon_a, nicolae_grassy_gnolls
D:5:      lemuel_ratsnest, layout_basic
D:6:      layout_basic, elyvilon_altar_3, uniq_maggie
D:7:      cheibrodos_wizards_tower, layout_layer_cave,
          mainiacjoe_overflow_paths, minmay_temple_entry_tees, enter_bailey_3,
          uniq_prince_ribbit1
Bailey:   bailey_axe_minmay_hex_keep, bailey

Skill      XL: |  1  2  3  4  5  6  7  8  9 |
---------------+----------------------------+-----
Dodging        | 1 |  1.5
Fighting       | 4 5 7 |  7.0
Polearms       | 3 4 5 6 9 |  9.6
Armour         | 4 |  4.8
Invocations    | 5 |  5.1

Action                   |  1- 3 |  4- 6 |  7- 9 || total
-------------------------+-------+-------+-------++-------
Melee: Spear             |   108 |   214 |    24 ||   346
       Punch             |       |     5 |     1 ||     6
       Halberd           |       |       |   289 ||   289
Throw: Dart              |       |       |    14 ||    14
Evoke: Wand              |       |       |     1 ||     1
  Use: Potion            |       |     3 |       ||     3
       Scroll            |       |     9 |     3 ||    12
 Stab: Paralysed         |       |       |     1 ||     1
Armor: Ring mail         |     6 |       |       ||     6
       Plate armour      |    19 |    66 |   115 ||   200
       Skin              |       |    31 |       ||    31
Dodge: Dodged            |    32 |   105 |   141 ||   278
